 Dungeon Crawl Stone Soup version 0.26-a0-812-g31a745ddcd (webtiles) character file.

Game seed: 760512185921707851

96 vurker the Sneak (level 4, -6/32 HPs)
             Began as a Gnoll Enchanter on Dec 3, 2020.
             Mangled by Sigmund
             ... wielding a +0 scythe
              (10 damage)
             ... on level 2 of the Dungeon.
             The game lasted 00:04:37 (3882 turns).

vurker the Sneak (Gnoll Enchanter)                  Turns: 3882, Time: 00:04:37

Health: -6/32      AC:  4    Str: 16    XL:     4   Next: 67%
Magic:  11/11      EV: 15    Int: 19    God:
Gold:   149        SH:  0    Dex: 15    Spells: 12/13 levels left

rFire    . . .     SeeInvis .   a - +1 dagger
rCold    . . .     Faith    .   (no shield)
rNeg     . . .     Spirit   .   b - +0 robe
rPois    .         Reflect  .   (no helmet)
rElec    .         Harm     .   k - +0 cloak
rCorr    .         Rampage  .   d - +0 pair of gloves
MR       .....                  (no boots)
Stlth    +++.......             (no amulet)
HPRegen  0.10/turn              w - +6 ring of strength
MPRegen  0.12/turn              (no ring)

@: no status effects
A: distributed training, fangs 1, strong nose
a: no special abilities


You were on level 2 of the Dungeon.
You visited 1 branch of the dungeon, and saw 4 of its levels.

You collected 149 gold pieces.

Inventory:

Hand Weapons
 a - a +1 dagger (weapon)
Armour
 b - a +0 robe (worn)
 d - a +0 pair of gloves (worn)
   (You found it on level 1 of the Dungeon)
 k - a +0 cloak (worn)
   (You found it on level 1 of the Dungeon)
 u - a +0 helmet
   (You found it on level 2 of the Dungeon)
Jewellery
 w - a +6 ring of strength (left hand)
   (You found it on level 2 of the Dungeon)
Wands
 r - a wand of enslavement (13)
   (You found it on level 3 of the Dungeon)
Scrolls
 e - 6 scrolls of identify {unknown}
 f - a scroll of immolation {unknown}
 i - 2 scrolls of remove curse {unknown}
 j - a scroll of enchant weapon {unknown}
 l - a scroll of enchant armour {unknown}
 m - a scroll of blinking {unknown}
 n - 2 scrolls of teleportation {unknown}
 p - a scroll of random uselessness {unknown}
 q - a scroll of fear {unknown}
 s - a scroll of noise {unknown}
 t - a scroll of amnesia {unknown}
 v - a scroll of magic mapping {unknown}
Potions
 h - a potion of curing {unknown}
 o - a potion of brilliance {unknown}


   Skills:
 + Level 1.2 Fighting
 + Level 2.8 Short Blades
 + Level 1.2 Long Blades
 + Level 1.2 Axes
 + Level 1.2 Maces & Flails
 + Level 1.2 Polearms
 + Level 1.2 Staves
 + Level 1.2 Slings
 + Level 1.2 Bows
 + Level 1.2 Crossbows
 + Level 1.2 Throwing
 + Level 1.2 Armour
 + Level 4.7 Dodging
 + Level 6.1 Stealth
 + Level 1.2 Shields
 + Level 1.2 Unarmed Combat
 + Level 5.1 Spellcasting
 + Level 1.0 Conjurations
 + Level 5.5 Hexes
 + Level 1.0 Summonings
 + Level 1.0 Necromancy
 + Level 1.0 Translocations
 + Level 1.0 Transmutations
 + Level 1.0 Fire Magic
 + Level 1.0 Ice Magic
 + Level 1.0 Air Magic
 + Level 1.0 Earth Magic
 + Level 1.0 Poison Magic
 + Level 1.3 Invocations
 + Level 1.2 Evocations


You had 12 spell levels left.
You knew the following spells:

 Your Spells              Type           Power        Failure   Level
a - Corona                Hex            ####...      1%          1

Your spell library contained the following spells:

 Spells                   Type           Power        Failure   Level
 Confusing Touch          Hex            ####....     3%          3
 Tukima's Dance           Hex            ####....     3%          3
 Ensorcelled Hibernation  Hex/Ice        ###...       4%          2
 Foxfire                  Conj/Fire      #...         9%          1
 Dazzling Flash           Conj/Hex       ###...       10%         3
 Inner Flame              Hex/Fire       ###.....     10%         3
 Conjure Flame            Conj/Fire      #.......     24%         3
 Sticky Flame             Conj/Fire      #.......     63%         4
 Fireball                 Conj/Fire      #.........   92%         5


Dungeon Overview and Level Annotations

Branches:
Dungeon (4/15)
 Temple: D:4-7

Altars:

Annotations:
D:2 Sigmund


Innate Abilities, Weirdness & Mutations

Your experience applies equally to all skills.
You have very sharp teeth.
Your uncanny sense of smell can sniff out nearby items.


Message History

Okay, then.
Firing (i - inventory) No suitable missiles.
Aim: Sigmund, wielding a +0 scythe and wearing a +0 robe (moderately wounded, poisoned)
Okay, then.
You barely miss Sigmund. You barely miss Sigmund.
Sigmund looks more healthy.
Sigmund hits you with a +0 scythe!
* * * LOW HITPOINT WARNING * * *
You hit Sigmund.
It was a potion of heal wounds.
You feel much better. Sigmund gestures at you while chanting.
You resist with some effort.
You hit Sigmund but do no damage. Your bite misses Sigmund. Sigmund misses you.
You closely miss Sigmund. You hit Sigmund but do no damage.
Sigmund barely misses you.
You closely miss Sigmund. Sigmund hits you with a +0 scythe!
You hit Sigmund. You hit Sigmund but do no damage.
You bite Sigmund, but do no damage. Sigmund hits you with a +0 scythe!
* * * LOW HITPOINT WARNING * * *
Okay, then.
You hit Sigmund but do no damage. You barely miss Sigmund.
Sigmund gestures at you while chanting. The magic dart hits you!
* * * LOW HITPOINT WARNING * * *
You feel much better. Sigmund barely misses you.
It was a potion of magic.
Magic courses through your body.
You barely miss Sigmund. Sigmund closely misses you.
You hit Sigmund. You bite Sigmund. Sigmund barely misses you.
You hit Sigmund. You completely miss Sigmund.
Sigmund gestures wildly while chanting.
Sigmund flickers and vanishes!
Deactivating autopickup; reactivate with Ctrl-A.
You hit something.
You hear some strange, mumbled words.
A puff of flame appears from out of thin air!
The puff of flame hits you!
You hit something but do no damage. Something hits you!
* * * LOW HITPOINT WARNING * * *
You completely miss something. You hit something. Something hits you.
* * * LOW HITPOINT WARNING * * *
You hit something but do no damage. You hit something. Something hits you!
You die...

#,#.,...,.# *,,,,,,,,*
#.#.*#.#*.# *,******** *
#.#.##.##.#####.* ### *
*####..............,* #.. *
*.......(#.......#*** ##.# *
*(***#...#..#....# #...
******,***#...........## #..#
,,>,,,),,*#(#..#.......# #..#
******,*,*#.#..{@<....## #... *
*,,,,.,#........## #.## *
**,,,..*######...# #.#
*****,,,..,,* #...# #.#
,,,**,,.(.),* #...###### #.#
,,,**,,,,,..######........## #.#
,,,***,,,,,#...............###.#
,,,<***,,,...................#.#
,,,,***,,,.................#.#.#


There were no monsters in sight!

Vanquished Creatures
  4 adders (D:2)
  A worm (D:2)
  2 dart slugs
  An orc (D:2)
  3 giant cockroaches
  5 goblins
  7 hobgoblins
  2 jackals (D:1)
  11 kobolds
  2 quokkas (D:2)
  5 bats
  6 frilled lizards
  5 rats
54 creatures vanquished.

Notes
Turn   | Place    | Note
-------+----------+-------------------------------------------
     0 | D:1      | vurker the Gnoll Enchanter began the quest for the Orb.
     0 | D:1      | Reached XP level 1. HP: 13/13 MP: 6/6
   521 | D:1      | Reached XP level 2. HP: 2/19 MP: 7/7
  1295 | D:1      | Reached XP level 3. HP: 20/25 MP: 9/9
  1466 | D:2      | Reached skill level 6 in Stealth
  1466 | D:2      | Reached skill level 5 in Spellcasting
  1487 | D:2      | Reached skill level 1 in Invocations
  1764 | D:2      | Found a faded altar of an unknown god.
  1777 | D:2      | Reached skill level 1 in Fighting
  1777 | D:2      | Reached skill level 1 in Long Blades
  1777 | D:2      | Reached skill level 1 in Axes
  1777 | D:2      | Reached skill level 1 in Maces & Flails
  1777 | D:2      | Reached skill level 1 in Polearms
  1777 | D:2      | Reached skill level 1 in Staves
  1777 | D:2      | Reached skill level 1 in Slings
  1777 | D:2      | Reached skill level 1 in Bows
  1777 | D:2      | Reached skill level 1 in Crossbows
  1777 | D:2      | Reached skill level 1 in Throwing
  1777 | D:2      | Reached skill level 1 in Armour
  1777 | D:2      | Reached skill level 1 in Shields
  1777 | D:2      | Reached skill level 1 in Unarmed Combat
  1777 | D:2      | Reached skill level 1 in Evocations
  1904 | D:2      | You fall into a shaft and drop 2 floors!
  2115 | D:3      | Reached XP level 4. HP: 32/32 MP: 11/11
  2788 | D:2      | Reached skill level 1 in Conjurations
  2788 | D:2      | Reached skill level 1 in Summonings
  2788 | D:2      | Reached skill level 1 in Necromancy
  2788 | D:2      | Reached skill level 1 in Translocations
  2788 | D:2      | Reached skill level 1 in Transmutations
  2788 | D:2      | Reached skill level 1 in Fire Magic
  2788 | D:2      | Reached skill level 1 in Ice Magic
  2788 | D:2      | Reached skill level 1 in Air Magic
  2788 | D:2      | Reached skill level 1 in Earth Magic
  2788 | D:2      | Reached skill level 1 in Poison Magic
  2796 | D:2      | Noticed Sigmund
  3882 | D:2      | Mangled by Sigmund

Illustrated notes

Levels and vault maps discovered:
D:1:      dpeg_arrival_water_temple_mockup, layout_basic, fountainhead,
          nrook_uturn, serial_park_tiny_pond
D:2:      layout_loops_cross, chequers_ecumenical_altar_simple_redux,
          kennysheep_generic_room_8, uniq_sigmund
D:3:      layout_basic
D:4:      layout_basic, minitemple

Skill      XL: |  1  2  3  4 |
---------------+-------------+-----
Stealth        | 6 |  6.1
Spellcasting   | 5 |  5.1
Invocations    | 1 |  1.3
Fighting       | 1 |  1.2
Long Blades    | 1 |  1.2
Axes           | 1 |  1.2
Maces & Flails | 1 |  1.2
Polearms       | 1 |  1.2
Staves         | 1 |  1.2
Slings         | 1 |  1.2
Bows           | 1 |  1.2
Crossbows      | 1 |  1.2
Throwing       | 1 |  1.2
Armour         | 1 |  1.2
Shields        | 1 |  1.2
Unarmed Combat | 1 |  1.2
Evocations     | 1 |  1.2
Conjurations   | 1 |  1.0
Summonings     | 1 |  1.0
Necromancy     | 1 |  1.0
Translocations | 1 |  1.0
Transmutations | 1 |  1.0
Fire Magic     | 1 |  1.0
Ice Magic      | 1 |  1.0
Air Magic      | 1 |  1.0
Earth Magic    | 1 |  1.0
Poison Magic   | 1 |  1.0
Short Blades   | |  2.8
Dodging        | |  4.7
Hexes          | |  5.5

Action                   |  1- 3 |  4- 6 || total
-------------------------+-------+-------++-------
Melee: Dagger            |   164 |   102 ||   266
       Bite              |    13 |    11 ||    24
Throw: Dart              |       |     6 ||     6
 Cast: Corona            |     1 |       ||     1
  Use: Potion            |       |     3 ||     3
 Stab: Sleeping          |     7 |     6 ||    13
Armor: Robe              |    24 |    16 ||    40
Dodge: Dodged            |    99 |    57 ||   156

Table legend: (Time is in decaauts)
 A = Elapsed time spent in this place.
 B = Non-inter-level travel time spent in this place.
 C = Inter-level travel time spent in this place.
 D = Time resting spent in this place.
 E = Time spent auto-exploring this place.
 F = Levels seen in this place.
 G = Mean time per level.
                   A        B        C        D        E       F      G
               +--------+--------+--------+--------+--------+-----+--------+
         Total |   3853 |   3579 |    274 |    478 |   2443 |   4 |  963.2 |
       Dungeon |   3853 |   3579 |    274 |    478 |   2443 |   4 |  963.2 |
               +--------+--------+--------+--------+--------+-----+--------+

Top non-repeatable levels by time:
     D:1: 1990 daAuts
     D:2: 1402 daAuts
     D:3: 405 daAuts
     D:4: 54 daAuts
